 Dungeon Crawl Stone Soup version 0.23-a0-629-gae4348f6cf (webtiles) character file.

68 Napalmbreeze the Poker (level 4, 0/34 HPs)
             Began as a Demonspawn Gladiator on Dec 26, 2018.
             Slain by Sigmund
             ... wielding a +0 scythe
              (9 damage)
             ... on level 2 of the Dungeon.
             The game lasted 00:03:50 (1497 turns).

Napalmbreeze the Poker (Demonspawn Gladiator)       Turns: 1497, Time: 00:03:51

Health: 0/34       AC:  8    Str: 15    XL:     4   Next: 1%
Magic:  4/4        EV: 10    Int: 10    God:
Gold:   123        SH:  0    Dex: 14    Spells: 3/3 levels left

rFire    . . .     SeeInvis .   a - +0 trident
rCold    . . .     Gourm    .   (no shield)
rNeg     . . .     Faith    .   e - +0 scale mail
rPois    .         Spirit   .   c - +0 helmet
rElec    .         Reflect  .   (no cloak)
rCorr    .         Harm     .   (no gloves)
MR       .....                  l - +0 pair of boots
Stlth    +.........             (no amulet)
HPRegen  0.11/turn              (no ring)
MPRegen  0.09/turn              (no ring)

@: no status effects
A: nightstalker 1, powered by pain 1
a: no special abilities


You were on level 2 of the Dungeon.
You were not hungry.

You visited 1 branch of the dungeon, and saw 2 of its levels.

You collected 123 gold pieces.

Inventory:

Hand Weapons
 a - a +0 trident (weapon)
Armour
 c - a +0 helmet (worn)
 e - a +0 scale mail (worn)
 l - a +0 pair of boots (worn)
Jewellery
 g - a cursed -3 ring of evasion {unknown}
 k - a cursed ring of attention {unknown}
Scrolls
 h - 4 scrolls of enchant armour {unknown}
 i - 4 scrolls of identify {unknown}
 j - a scroll of teleportation {unknown}
 n - a scroll of blinking {unknown}
Potions
 m - a potion of invisibility {unknown}
Comestibles
 b - 3 chunks of flesh
 f - 8 rations


   Skills:
 + Level 2.5 Fighting
 * Level 3.5 Polearms
 - Level 1.7 Throwing
 + Level 1.2 Armour
 + Level 3.1 Dodging


You had 3 spell levels left.
You didn't know any spells.
Your spell library was empty.

Dungeon Overview and Level Annotations

Branches:
Dungeon (2/15)

Altars:
The Shining One

Annotations:
D:2 Sigmund


Innate Abilities, Weirdness & Mutations

You are slightly more attuned to the shadows.
You sometimes gain a little power by taking damage.


Message History

You throw a throwing net. The throwing net hits Sigmund.
Sigmund is caught in the net!
Sigmund is lightly wounded.
Sigmund casts a spell at you. The puff of flame hits you!
Sigmund struggles against the net.
Sigmund points at you and mumbles some strange words.
You are confused.
You bump into the rock wall.
Sigmund hits you with a +0 scythe.
* * * LOW HITPOINT WARNING * * *
You're too confused to move!
Sigmund closely misses you.
Sigmund casts a spell.
Sigmund flickers and vanishes!
Deactivating autopickup; reactivate with Ctrl-A.
You hear some strange, mumbled words.
Something tries to affect you, but you resist.
You bump into the rock wall.
You feel less confused. Something hits you!
You die...

###### #.......####.......#...
#....# ###.............##...#.
#....## #......####...........
#.....# #.#.#..####......##...
#.@...####.#.#...#...#.........
##.##รท#........#...#.##...#..[.
#..#...###..###..##.##...#.###
##.###.##...###..##.###..#(.#.
#.....#....{@.......###......
..........#.####.##...####..#
..............................
..............#####.......##...
###............# #.....).###..
#..........### #.......# ### ...
.....### ##.......#####
#..##.........##...........##
##......#. ...............##...


There were no monsters in sight!

Vanquished Creatures
  Terence (D:2)
  2 worms (D:2)
  2 dart slugs (D:1)
  2 leopard geckos
  An orc (D:2)
  5 goblins
  4 hobgoblins
  3 jackals (D:1)
  A quokka (D:2)
  3 bats
  A frilled lizard (D:1)
  4 kobolds
  A rat (D:1)
30 creatures vanquished.

Notes
Turn   | Place    | Note
-------+----------+-------------------------------------------
     0 | D:1      | Napalmbreeze the Demonspawn Gladiator began the quest for
                  | the Orb.
     0 | D:1      | Reached XP level 1. HP: 16/16 MP: 1/1
    92 | D:1      | Gained mutation: You sometimes gain a little power by
                  | taking damage. [demonic ancestry]
    92 | D:1      | Reached XP level 2. HP: 21/22 MP: 2/2
   945 | D:2      | Reached XP level 3. HP: 24/28 MP: 3/3
  1100 | D:2      | Found a glowing golden altar of the Shining One.
  1134 | D:2      | Noticed Terence
  1152 | D:2      | Killed Terence
  1152 | D:2      | Reached skill level 1 in Armour
  1451 | D:2      | Gained mutation: You are slightly more attuned to the
                  | shadows. [demonic ancestry]
  1451 | D:2      | Reached XP level 4. HP: 31/34 MP: 4/4
  1464 | D:2      | Noticed Sigmund
  1497 | D:2      | Slain by Sigmund

Vault maps used:
D:1:      dpeg_arrival_ternary, chequers_serial_rivers_small_a
D:2:      lemuel_round_altar, uniq_sigmund, uniq_terence

Skill      XL: |  1  2  3 |
---------------+----------+-----
Polearms       | 3 |  3.5
Dodging        | 3 |  3.1
Armour         | 1 |  1.2
Fighting       | |  2.5
Throwing       | |  1.7

Action                   |  1- 3 |  4- 6 || total
-------------------------+-------+-------++-------
Melee: Trident           |   132 |     4 ||   136
Throw: Throwing net      |       |     3 ||     3
  Eat: Chunk             |     2 |       ||     2
Armor: Scale mail        |    42 |       ||    42
Dodge: Dodged            |    51 |     5 ||    56

Table legend:
 A = Non-vault XP
 B = Vault XP
 C = Vault XP percentage of total XP
 D = Non-vault monster count
 E = Vault monster count
 F = Vault count percentage of total count
                 A         B        C        D         E       F
            +---------+---------+-------+---------+---------+-------
      Total |      62 |      36 |  36.7 |      29 |       1 |   3.3
            +---------+---------+-------+---------+---------+-------
        D:1 |      27 |       0 |   0.0 |      13 |       0 |   0.0
        D:2 |      35 |      36 |  50.7 |      16 |       1 |   5.9
            +---------+---------+-------+---------+---------+-------
